 Dungeon Crawl Stone Soup version 0.27-a0-61-g21144fbd99 (webtiles) character file.

Game seed: 6356551994748862406

1180 lessens the Grappler (level 8, 0/61 HPs)
             Began as a Ghoul Arcane Marksman on Jan 8, 2021.
             Slain by a gnoll
             ... wielding a +0 spear
              (2 damage)
             ... on level 5 of the Dungeon.
             The game lasted 00:10:04 (6645 turns).

lessens the Grappler (Ghoul Arcane Marksman)        Turns: 6645, Time: 00:10:04

Health: 0/61       AC:  7    Str: 16    XL:     8   Next: 42%
Magic:  8/8        EV: 11    Int:  8    God:
Gold:   282        SH:  0    Dex:  9    Spells: 8/9 levels left

rFire    . . .     SeeInvis .   c - +3 dagger (venom)
rCold    + . .     Faith    +   (no shield)
rNeg     + + +     Spirit   .   g - +1 ring mail {Will+}
rPois    ∞         Reflect  .   (no helmet)
rElec    .         Harm     .   (no cloak)
rCorr    +         Rampage  .   s - +0 pair of gloves
Will     +....                  (no boots)
Stlth    ..........             n - amulet of faith
HPRegen  0.00/turn              (no ring)
MPRegen  0.11/turn              h - ring of resist corrosion

@: no status effects
A: claws 1, cold resistance 1, negative energy resistance 3, inhibited
regeneration, torment resistance, unbreathing
a: no special abilities


You were on level 5 of the Dungeon.
You visited 1 branch of the dungeon, and saw 5 of its levels.
You also visited: Sewer.

You collected 282 gold pieces.

Inventory:

Hand Weapons
 c - a +3 dagger of venom (weapon)
 o - a +3 falchion
Missiles
 d - 2 throwing nets
 e - 195 stones
 r - 5 javelins (quivered)
Armour
 a - a +0 robe
 g - a +1 ring mail of willpower (worn)
 s - a +0 pair of gloves (worn)
 t - a +2 pair of boots
Jewellery
 h - a ring of resist corrosion (right hand)
 n - an amulet of faith (around neck)
 q - a +6 ring of intelligence
Wands
 k - a wand of paralysis (10)
 y - a wand of digging (7)
Scrolls
 b - 3 scrolls of remove curse
 j - 2 scrolls of enchant armour {unknown}
 l - 2 scrolls of immolation {unknown}
 m - a scroll of magic mapping
 p - 2 scrolls of amnesia {unknown}
 v - 2 scrolls of fog {unknown}
 w - 5 scrolls of teleportation {unknown}
 A - a scroll of noise {unknown}
 B - a scroll of fear {unknown}
Potions
 f - 3 potions of curing
 i - a potion of heal wounds
 u - 2 potions of magic {unknown}
 x - 4 potions of flight
 z - a potion of might


   Skills:
 + Level 1.9 Fighting
 - Level 1.7 Throwing
 - Level 1.7 Dodging
 * Level 10.4 Unarmed Combat
 - Level 1.0 Spellcasting
 - Level 2.4 Hexes


You had 8 spell levels left.
You knew the following spells:

 Your Spells              Type           Power        Failure   Level
a - Corona                Hex            4%           28%         1

Your spell library contained the following spells:

 Spells                   Type           Power        Failure   Level
 Slow                     Hex            4%           41%         2
 Summon Small Mammal      Summ           0%           58%         1
 Inner Flame              Hex/Fire       2%           80%         3
 Portal Projectile        Hex/Tloc       4%           80%         3
 Cause Fear               Hex            2%           96%         4
 Leda's Liquefaction      Hex/Erth       1%           99%         4


Dungeon Overview and Level Annotations

Branches:
Dungeon (5/15)              Sewer (visited)
 Temple: D:4-7

Altars:
Sif Muna
Trog


Innate Abilities, Weirdness & Mutations

You thrive by killing the living.
You are immune to poison.
You have sharp fingernails.
Your flesh is cold resistant. (rC+)
You are immune to negative energy. (rN+++)
You do not regenerate when monsters are visible.
You are immune to unholy pain and torment.
You can survive without breathing.


Message History

The gnoll hits you but does no damage.
You hit the gnoll.
The gnoll is poisoned.
The gnoll is heavily wounded.
The gnoll hits you with a +0 flail.
You hit the gnoll.
You kill the gnoll!
You hit the gnoll.
The gnoll is lightly wounded.
The gnoll hits you with a +0 flail!
* * * LOW HITPOINT WARNING * * *
The gnoll hits you from afar with a +0 spear.
* * * LOW HITPOINT WARNING * * *
You hit the gnoll.
The gnoll is poisoned.
The gnoll is lightly wounded.
The gnoll hits you but does no damage. The gnoll hits you with a +0 flail!
* * * LOW HITPOINT WARNING * * *
You barely miss the gnoll. You punch the gnoll.
The gnoll is severely wounded.
The gnoll hits you from afar with a +0 spear.
You die...

,,*#.......#
#.....#
,,*#.......#
#.....#
,,*#.......#
#.....#
*,*#.......#
###.###
,,*#.......# #.#
***#.......# #.#
#.##.##.# #g#
#.......# #g#
####.#### #@# ***
###.### #.#
######## ,,*
#.....# #.#
#....... *,*
#.....######.#
#.#####.
#.###............#
#.#####.
#.........########
#.##....
#####.....#
#.##.##. ##...##
########.##.##.
#...#
#.....##.......


You could see 2 gnolls.

Vanquished Creatures
  An orc warrior (D:5)
  A phantom (D:5)
  A centaur (D:5)
  2 big kobolds (Sewer)
  A scorpion (D:4)
  A bullfrog zombie (D:5)
  2 orc priests (D:5)
  A hound (D:5)
  3 bullfrog skeletons (D:5)
  A centaur skeleton (D:5)
  5 orc wizards
  An iguana (D:4)
  A howler monkey zombie (D:5)
  A worker ant zombie (D:5)
  5 gnolls
  11 adders
  A river rat (Sewer)
  3 white imps
  2 ufetubi
  An ooze (Sewer)
  7 worms
  4 leopard geckos
  8 orcs
  2 ball pythons
  11 bats
  5 giant cockroaches
  11 goblins
  6 hobgoblins
  3 jackals (D:2)
  12 kobolds
  A quokka (D:4)
  12 frilled lizards
  A giant cockroach zombie (D:5)
  A leopard gecko skeleton (D:4)
  10 rats
139 creatures vanquished.

Notes
Turn   | Place    | Note
-------+----------+-------------------------------------------
     0 | D:1      | lessens the Ghoul Arcane Marksman began the quest for the
                  | Orb.
     0 | D:1      | Reached XP level 1. HP: 16/16 MP: 1/1
   218 | D:1      | Reached skill level 1 in Unarmed Combat
   296 | D:1      | Reached XP level 2. HP: 23/23 MP: 2/2
   324 | D:1      | Reached skill level 2 in Unarmed Combat
  1162 | D:1      | Reached XP level 3. HP: 28/28 MP: 3/3
  1327 | D:2      | Reached skill level 3 in Unarmed Combat
  1581 | D:2      | Found a shimmering blue altar of Sif Muna.
  1592 | D:2      | Identified Sif Muna's Papyrus of the Entourage
  1800 | D:2      | Reached skill level 4 in Unarmed Combat
  1800 | D:2      | Reached XP level 4. HP: 28/35 MP: 4/4
  1860 | D:2      | Found a bloodstained altar of Trog.
  2561 | D:2      | Reached XP level 5. HP: 31/40 MP: 5/5
  2683 | D:3      | Reached skill level 5 in Unarmed Combat
  4032 | D:4      | Reached skill level 6 in Unarmed Combat
  4079 | D:4      | Reached XP level 6. HP: 47/47 MP: 6/6
  4798 | D:5      | Entered Level 5 of the Dungeon
  4800 | D:5      | Noticed an orc warrior
  4866 | D:5      | Reached skill level 7 in Unarmed Combat
  5181 | D:5      | Reached XP level 7. HP: 25/52 MP: 7/7
  5211 | D:5      | Reached skill level 8 in Unarmed Combat
  5218 | D:5      | Found a glowing drain.
  5250 | Sewer    | Entered a sewer
  5560 | Sewer    | Reached skill level 9 in Unarmed Combat
  5773 | D:5      | Reached XP level 8. HP: 28/59 MP: 8/8
  6327 | D:5      | Reached skill level 10 in Unarmed Combat
  6644 | D:5      | HP: 2/61 [gnoll/+0 flail (11)]
  6645 | D:5      | Slain by a gnoll

Illustrated notes

Levels and vault maps discovered:
D:1:      ncdulo_wetmaze, layout_basic
D:2:      layout_rooms, nzn_overflow_gifts_of_might_and_magic,
          minmay_lizard_pond
D:3:      layout_rooms, nrook_uturn
D:4:      layout_basic
D:5:      layout_loops_cross, gup_sewer_entry_glass, uniq_pikel

Skill      XL: |  1  2  3  4  5  6  7  8 |
---------------+-------------------------+-----
Unarmed Combat | 1 2 4 6 7 9 10 | 10.4
Fighting       | |  1.9
Throwing       | |  1.7
Dodging        | |  1.7
Spellcasting   | |  1.0
Hexes          | |  2.4

Action                   |  1- 3 |  4- 6 |  7- 9 || total
-------------------------+-------+-------+-------++-------
Melee: Unarmed           |   134 |       |    47 ||   181
       Punch             |     2 |     5 |     8 ||    15
       Falchion          |       |   215 |       ||   215
       Dagger            |       |    29 |   136 ||   165
Throw: Javelin           |     1 |     7 |       ||     8
       Throwing net      |       |     2 |       ||     2
Evoke: Wand              |       |       |     1 ||     1
  Use: Scroll            |       |    10 |     1 ||    11
       Potion            |       |     3 |     2 ||     5
Armor: Robe              |     9 |       |       ||     9
       Ring mail         |    36 |   105 |    52 ||   193
Dodge: Dodged            |   100 |   161 |    86 ||   347
       Rpst.: Falchion   |       |    45 |       ||    45

Table legend: (Time is in decaauts)
 A = Elapsed time spent in this place.
 B = Non-inter-level travel time spent in this place.
 C = Inter-level travel time spent in this place.
 D = Time resting spent in this place.
 E = Time spent auto-exploring this place.
 F = Levels seen in this place.
 G = Mean time per level.
                   A        B        C        D        E       F      G
               +--------+--------+--------+--------+--------+-----+--------+
         Total |   6739 |   6580 |    159 |   1537 |   3658 |   6 | 1123.2 |
       Dungeon |   6204 |   6045 |    159 |   1345 |   3541 |   5 | 1240.8 |
         Sewer |    535 |    535 |      0 |    192 |    116 |   1 |  535.0 |
               +--------+--------+--------+--------+--------+-----+--------+

Top non-repeatable levels by time:
     D:2: 1473 daAuts
     D:5: 1300 daAuts
     D:1: 1226 daAuts
     D:4: 1189 daAuts
     D:3: 1014 daAuts
   Sewer: 535 daAuts
